 Seeded DCSS version 0.29-a0-234-g0dae59b3db (webtiles) character file.

Game seed: 31415926 (custom seed)

21 jij1949 the Magician (level 2, 0/19 HPs)
             Began as a Merfolk Hedge Wizard on Mar 3, 2022.
             Succumbed to an adder's poison
             ... on level 2 of the Dungeon.
             The game lasted 00:06:38 (1179 turns).

jij1949 the Magician (Merfolk Hedge Wizard)         Turns: 1179, Time: 00:06:39

Health: 0/19       AC:  2    Str: 10    XL:     2   Next: 87%
Magic:  4/6        EV: 12    Int: 13    God:
Gold:   23         SH:  0    Dex: 13    Spells: 5/8 levels left

rFire   . . .      SeeInvis .   j - +0 whip
rCold   . . .      Faith    .   (no shield)
rNeg    . . .      Spirit   .   b - +0 robe
rPois   .          Reflect  .   c - +0 hat
rElec   .          Harm     .   (no cloak)
rCorr   .          Rampage  .   (no gloves)
Will    .....                   (no boots)
Stlth   ++........              (no amulet)
HPRegen 0.06/turn               (no ring)
MPRegen 0.10/turn               (no ring)

@: lethally poisoned (0 -> -1), on blink cooldown
A: (nimble swimmer 2), mertail
a: no special abilities


You were on level 2 of the Dungeon.
You visited 1 branch of the dungeon, and saw 2 of its levels.

You collected 23 gold pieces.

Inventory:

Hand Weapons
 a - a +0 dagger
 g - a +0 club
 j - a +0 whip (weapon)
Missiles
 d - 24 stones
 e - 6 boomerangs
Armour
 b - a +0 robe (worn)
 c - a +0 hat (worn)
Scrolls
 f - a scroll of identify {unknown}
 h - a scroll of teleportation {unknown}
Potions
 i - a potion of mutation {unknown}


   Skills:
 + Level 0.2 Fighting
 + Level 2.9 Dodging
 + Level 2.6 Stealth
 + Level 3.5 Spellcasting
 + Level 0.8 Conjurations
 + Level 1.0 Summonings
 + Level 0.7 Translocations


You had 5 spell levels left.
You knew the following spells:

 Your Spells              Type           Power      Damage    Failure   Level
a - Magic Dart            Conj           16%        1d3       16%         1
b - Blink                 Tloc           8%         N/A       24%         2

Your spell library contained the following spells:

 Spells                   Type           Power      Damage    Failure   Level
 Slow                     Hex            8%         N/A       22%         1
 Call Imp                 Summ           4%         N/A       22%         2
 Conjure Flame            Conj/Fire      3%         6-21      50%         3
 Mephitic Cloud           Conj/Pois/Air  3%         N/A       50%         3


Dungeon Overview and Level Annotations

Branches:
Dungeon (2/15)

Altars:

Annotations:
D:2 Robin


Innate Abilities, Weirdness & Mutations

((You are very nimble when in or above water. (Stealth+, EV+, Speed+++)))
Your lower body shifts to a powerful aquatic tail in water.


Message History

You can't see any susceptible monsters within range! (Use Z to cast anyway.) Done exploring.
Done exploring.
There is a stone staircase leading down here.
You climb downwards.
The goblin shouts!
You hear a shout!
The goblin shouts!
Robin shouts!
The goblin shouts! x2; The adder hisses angrily.
Found a fluorescent wand.
Found a stone staircase leading down.
There is a stone staircase leading up here.
A goblin comes into view. It is wielding a +0 dagger.
Found 2 gold pieces.
The goblin shouts! x4
Robin throws the goblin at you! The goblin closely misses you. x2
The goblin shouts!
The adder bites you.
You are poisoned.
The adder poisons you! The goblin closely misses you.
You hit the adder.
The adder is heavily wounded.
You feel sick. The adder misses you. The goblin barely misses you.
Robin roars a battlecry!
The goblins go into a battle-frenzy!
The goblin barely misses you. The adder misses you.
The goblin closely misses you. The goblin hits you with a +0 club.
Hit: j) +0 whip
Press: ? - help, Dir - move target, f - adder
Aim: an adder (moderately wounded, about 65% to evade your +0 whip)
You barely miss the adder.
The adder is moderately wounded.
You feel sick. The adder misses you. Robin throws the goblin at you!
The goblin hits you with a +0 dagger. The goblin hits you with a +0 club. x2
* * * LOW HITPOINT WARNING * * *
The goblin misses you. x2
Casting: Magic Dart (safe; 16% risk of failure)
Confirm with . or Enter, or press ? or * to list all spells.
The spell is quite dangerous to miscast (24% risk of failure)!
Continue anyway? [Y]es or [N]o only, please.
The spell is quite dangerous to miscast (24% risk of failure)!
Continue anyway?
You blink.
Found 30 stones.
You die...

..#.... #####..
..#..(. .......
...... .......
.##....#.......
................
#.............
.##............/
.....g.@g.......
##.##.gg........
##ggg........
#.S§g........
#.ggg<.#$...
#.....##....
.......## ...
####..## ..
#..##


You could see Robin, an adder and 10 goblins.

Vanquished Creatures
  3 ball pythons (D:1)
  4 bats (D:1)
  5 endoplasms (D:1)
  A goblin (D:1)
  A quokka (D:1)
  3 frilled lizards (D:1)
  3 rats (D:1)
20 creatures vanquished.

Notes
Turn   | Place    | Note
-------+----------+-------------------------------------------
     0 | D:1      | jij1949 the Merfolk Hedge Wizard began the quest for the
                  | Orb.
     0 | D:1      | Reached XP level 1. HP: 13/13 MP: 4/4
   345 | D:1      | Reached XP level 2. HP: 19/19 MP: 6/6
   349 | D:1      | Learned a level 2 spell: Blink
  1174 | D:2      | Noticed Robin
  1179 | D:2      | Succumbed to an adder's poison

Illustrated notes

Levels and vault maps discovered:
D:1:      wander_arrival_lonely_grave, layout_basic
D:2:      layout_rooms, basic_altar, serial_shops, shop_statue, uniq_robin

Action                   || total
-------------------------++-------
Melee: Dagger            ||    33
       Whip              ||     2
       Punch             ||     1
 Cast: Magic Dart        ||    21
       Blink             ||     1
 Stab: Sleeping          ||     4
Armor: Robe              ||    13
Dodge: Dodged            ||    36

Table legend: (Time is in decaauts)
 A = Elapsed time spent in this place.
 B = Non-inter-level travel time spent in this place.
 C = Inter-level travel time spent in this place.
 D = Time resting spent in this place.
 E = Time spent auto-exploring this place.
 F = Levels seen in this place.
 G = Mean time per level.
                   A        B        C        D        E       F      G
               +--------+--------+--------+--------+--------+-----+--------+
         Total |   1178 |   1084 |     94 |      0 |    447 |   2 |  589.0 |
       Dungeon |   1178 |   1084 |     94 |      0 |    447 |   2 |  589.0 |
               +--------+--------+--------+--------+--------+-----+--------+

Top non-repeatable levels by time:
     D:1: 1173 daAuts
     D:2: 4 daAuts
